 Dungeon Crawl Stone Soup version 0.28-a0-1087-gf3fc490d9d (webtiles) character file.

Game seed: 10175741875772794639

1039 bande the Chopper (level 8, -5/50 HPs)
             Began as a Gargoyle Fighter on Dec 11, 2021.
             Slain by Edmund (12 damage)
             ... on level 5 of the Dungeon.
             The game lasted 00:10:46 (4843 turns).

bande the Chopper (Gargoyle Fighter)                Turns: 4843, Time: 00:10:47

Health: -5/50      AC: 14    Str: 21    XL:     8   Next: 24%
Magic:  8/8        EV:  9    Int:  8    God:
Gold:   143        SH:  5    Dex: 11    Spells: 7/7 levels left

rFire   . . .      SeeInvis .   a - +0 war axe
rCold   . . .      Faith    .   c - +0 buckler
rNeg    + . .      Spirit   .   b - +0 scale mail
rPois   ∞          Reflect  .   (no helmet)
rElec   +          Harm     .   (no cloak)
rCorr   .          Rampage  .   (no gloves)
Will    .....                   j - +0 pair of boots
Stlth   ..........              h - amulet of regeneration
HPRegen 0.96/turn               (no ring)
MPRegen 0.11/turn               (no ring)

@: no status effects
A: sickness immunity, AC +5, negative energy resistance 1, electricity
resistance, torment resistance 1, petrification resistance
a: no special abilities


You were on level 5 of the Dungeon.
You visited 2 branches of the dungeon, and saw 6 of its levels.
You also visited: Ossuary.

You collected 143 gold pieces.

Inventory:

Hand Weapons
 a - a +0 war axe (weapon)
 d - a +0 flail of holy wrath
Missiles
 f - a throwing net (quivered)
Armour
 b - a +0 scale mail (worn)
 c - a +0 buckler (worn)
 j - a +0 pair of boots (worn)
Jewellery
 g - a ring of ice
 h - an amulet of regeneration (around neck)
 q - a ring of flight
Scrolls
 r - 4 scrolls of magic mapping
 t - 2 scrolls of enchant weapon {unknown}
 u - a scroll of enchant armour {unknown}
 w - 4 scrolls of fog
Potions
 e - a potion of berserk rage
 i - a potion of flight {unknown}
 k - 2 potions of brilliance
 l - a potion of attraction {unknown}
 m - a potion of haste {unknown}
 n - 2 potions of mutation {unknown}
 o - 3 potions of curing
 p - 2 potions of might
 s - 2 potions of degeneration {unknown}
 v - 2 potions of heal wounds
 x - 2 potions of lignification {unknown}


   Skills:
 + Level 5.4 Fighting
 + Level 6.0 Axes
 + Level 5.9 Armour
 - Level 0.2 Dodging
 + Level 4.7 Shields


You had 7 spell levels left.
You didn't know any spells.
Your spell library contained the following spells:

 Spells                   Type           Power      Damage    Failure   Level
 Shock                    Conj/Air       0%         1d3       73%         1
 Sting                    Tmut/Pois      0%         1d3       73%         1
 Corpse Rot               Necr/Air       0%         N/A       86%         2
 Poisonous Vapours        Pois/Air       0%         N/A       86%         2
 Inner Flame              Hex/Fire       0%         N/A       97%         3
 Swiftness                Air            0%         N/A       97%         3
 Airstrike                Air            0%         N/A       100%        4
 Cause Fear               Hex            0%         N/A       100%        4
 Dispel Undead            Necr           0%         3d6       100%        4
 Olgreb's Toxic Radiance  Pois           0%         N/A       100%        4
 Death Channel            Necr           0%         N/A       100%        6
 Discord                  Hex            0%         N/A       100%        8


Dungeon Overview and Level Annotations

Branches:
Dungeon (5/15)             Temple (1/1) D:5         Ossuary (visited)

Altars:
Ashenzari
Cheibriados
Elyvilon
Fedhas
Gozag
Hepliaklqana
Kikubaaqudgha
Makhleb
Nemelex Xobeh
Ru
Sif Muna
Trog
Uskayaw
Vehumet
Wu Jian
Zin

Annotations:
D:5 2 transporters, Edmund


Innate Abilities, Weirdness & Mutations

You are immune to sickness and miasma.
Your stone body is resilient. (AC +5)
You are immune to poison.
You resist negative energy. (rN+)
You are resistant to electric shocks. (rElec)
You are resistant to unholy torment.
You are immune to petrification.


Message History

You closely miss Edmund.
Edmund is moderately wounded.
You barely miss the water moccasin skeleton.
Edmund hits you but does no damage.
The water moccasin skeleton bites you but does no damage.
Edmund hits you with a +8 flail of venom.
You hit Edmund.
Edmund is heavily wounded.
You barely miss the water moccasin skeleton.
You block the water moccasin skeleton's attack.
Edmund hits you with a +8 flail of venom!
* * * LOW HITPOINT WARNING * * *
The water moccasin skeleton bites you but does no damage.
You hit Edmund.
Edmund is heavily wounded.
You hit the water moccasin skeleton but do no damage.
The water moccasin skeleton barely misses you.
Edmund says, "People will remember me!
They'll remember me and die!"
Edmund hits you but does no damage.
Unknown command.
You barely miss Edmund.
Edmund is heavily wounded.
You barely miss the water moccasin skeleton.
The water moccasin skeleton bites you but does no damage.
Edmund hits you with a +8 flail of venom!
* * * LOW HITPOINT WARNING * * *
The water moccasin skeleton bites you but does no damage.
You barely miss Edmund.
Edmund is heavily wounded.
You hit the water moccasin skeleton but do no damage.
Edmund barely misses you.
The water moccasin skeleton barely misses you.
You slash Edmund!
Edmund is almost dead.
You hit the water moccasin skeleton.
Edmund hits you with a +8 flail of venom.
* * * LOW HITPOINT WARNING * * *
The water moccasin skeleton bites you but does no damage.
Edmund hits you with a +8 flail of venom!
You die...

,,,,*****,,,,,***** #..........
,,,**,,,+**,**,,,,** #..#.##..#.
****>,8,,**,**,,8,<* #..#.....#.
*,,**,,,**,,,**,,,** #.....##...
,,,,******,8,###*** #..##....##
,,,,,,,,,*,,,#..,,* #.....##...
,,,,,,,,,**<*#..#######...#....>.
*,*,,,,,,.###.#..$........#.##...
*,,,*,,,,......@@...(..........##
***,*,,,,......Z.........##.#....
,,,,,,,,,......########.....#..##
***,**,,,......#©,,,,,#..##......
*,**,,,......#,*,,*,#......##.#
*,**,,,......#,,**,,#...##....#
*,**,,,......#,,**,,#..........
*,**,,,.....©#,*,,*,*,,,....###
*,**,,,,,,,,,*,,,,,©****####*


You could see Edmund and a water moccasin skeleton.

Vanquished Creatures
  Grinder (D:3)
  A wraith (Ossuary)
  Eustachio (D:5)
  A black bear (D:3)
  A necrophage (D:4)
  A jelly (D:5)
  Jessica (D:3)
  Natasha (thrice) (D:3)
  Terence (D:3)
  A mummy (Ossuary)
  9 gnolls
  2 adders
  2 dart slugs
  2 orcs (D:3)
  5 bats
  8 endoplasms
  A giant cockroach (D:3)
  9 goblins
  12 hobgoblins
  5 jackals
  8 kobolds
  3 quokkas
  A ball python (D:2)
  2 frilled lizards (D:1)
  8 gnoll skeletons (Ossuary)
  4 kobold skeletons (Ossuary)
  13 orc skeletons (Ossuary)
  7 rats
113 creatures vanquished.

Notes
Turn   | Place    | Note
-------+----------+-------------------------------------------
     0 | D:1      | bande the Gargoyle Fighter began the quest for the Orb.
     0 | D:1      | Reached XP level 1. HP: 14/14 MP: 1/1
    97 | D:1      | Found a faded altar of an unknown god.
   114 | D:1      | Reached XP level 2. HP: 16/19 MP: 2/2
   473 | D:1      | Reached skill level 2 in Axes
   887 | D:1      | Reached XP level 3. HP: 23/23 MP: 3/3
  2004 | D:2      | Reached XP level 4. HP: 22/28 MP: 4/4
  2731 | D:3      | Noticed Grinder
  2732 | D:3      | Reached skill level 3 in Axes
  2734 | D:3      | Paralysed by Grinder for 7 turns
  2746 | D:3      | Paralysed by Grinder for 5 turns
  2751 | D:3      | Killed Grinder
  2752 | D:3      | Reached skill level 4 in Axes
  2752 | D:3      | Reached XP level 5. HP: 22/33 MP: 5/5
  2752 | D:3      | Reached XP level 6. HP: 26/38 MP: 6/6
  2829 | D:3      | Noticed Natasha
  2844 | D:3      | Killed Natasha
  2845 | D:3      | Reached skill level 5 in Armour
  2846 | D:3      | Noticed Terence
  2861 | D:3      | Killed Terence
  2918 | D:3      | Noticed Natasha
  2927 | D:3      | Killed Natasha
  2946 | D:3      | Noticed a black bear
  2960 | D:3      | Killed a black bear
  2961 | D:3      | Reached XP level 7. HP: 15/44 MP: 7/7
  3245 | D:3      | Noticed Jessica
  3250 | D:3      | Killed Jessica
  3441 | D:3      | Noticed Natasha
  3449 | D:3      | Killed Natasha
  3755 | D:4      | Reached skill level 5 in Axes
  4136 | D:5      | Entered Level 5 of the Dungeon
  4147 | D:5      | Noticed Eustachio
  4219 | D:5      | Found a transporter.
  4226 | D:5      | Killed Eustachio
  4227 | D:5      | Reached skill level 5 in Fighting
  4227 | D:5      | Reached XP level 8. HP: 42/49 MP: 8/8
  4243 | D:5      | Found a transporter.
  4281 | D:5      | Found a sand-covered staircase.
  4288 | Ossuary  | Entered an ossuary
  4288 | Ossuary  | Noticed a wraith
  4288 | Ossuary  | Noticed a wraith
  4288 | Ossuary  | Noticed a wraith
  4361 | Ossuary  | Noticed a wraith
  4371 | Ossuary  | Killed a wraith
  4372 | Ossuary  | Reached skill level 6 in Axes
  4586 | D:5      | Found a staircase to the Ecumenical Temple.
  4612 | Temple   | Entered the Ecumenical Temple
  4823 | D:5      | Noticed Edmund
  4843 | D:5      | Slain by Edmund

Illustrated notes

Levels and vault maps discovered:
D:1:      dpeg_arrival_line_fractal, layout_loops_corners,
          shapermc_ecumenical_altar_mp_urbaneastern
D:2:      layout_loops_corners
D:3:      layout_loops_ring, uniq_grinder, uniq_terence, uniq_natasha,
          uniq_jessica
D:4:      layout_basic, nicolae_figureground_sparkle, uniq_ijyb
D:5:      gammafunk_wand_slinger, layout_basic, kennysheep_mini,
          minmay_temple_entry_ruins, gammafunk_ghost_smash,
          nicolae_ossuary_entry_false_entrances, hex_medium, grunt_ministairs_4,
          uniq_edmund, uniq_eustachio
Temple:   eino_temple_rhombus

Skill      XL: |  1  2  3  4  5  6  7  8 |
---------------+-------------------------+-----
Axes           | 2 4 5 6 |  6.0
Armour         | 4 5 |  5.9
Fighting       | 4 5 |  5.4
Shields        | 4 |  4.7
Dodging        | |  0.2

Action                   |  1- 3 |  4- 6 |  7- 9 || total
-------------------------+-------+-------+-------++-------
Melee: War axe           |   161 |    97 |   164 ||   422
  Use: Scroll            |     5 |     1 |     3 ||     9
       Potion            |       |     2 |       ||     2
Armor: Scale mail        |    81 |    77 |   151 ||   309
Dodge: Dodged            |    88 |    63 |   105 ||   256
Block: Buckler           |    37 |    31 |    58 ||   126

Table legend: (Time is in decaauts)
 A = Elapsed time spent in this place.
 B = Non-inter-level travel time spent in this place.
 C = Inter-level travel time spent in this place.
 D = Time resting spent in this place.
 E = Time spent auto-exploring this place.
 F = Levels seen in this place.
 G = Mean time per level.
                   A        B        C        D        E       F      G
               +--------+--------+--------+--------+--------+-----+--------+
         Total |   5012 |   4977 |     35 |    622 |   3102 |   7 |  716.0 |
       Dungeon |   4596 |   4561 |     35 |    622 |   2852 |   5 |  919.2 |
        Temple |    198 |    198 |      0 |      0 |    163 |   1 |  198.0 |
       Ossuary |    217 |    217 |      0 |      0 |     87 |   1 |  217.0 |
               +--------+--------+--------+--------+--------+-----+--------+

Top non-repeatable levels by time:
     D:1: 1644 daAuts
     D:2: 1055 daAuts
     D:3: 1046 daAuts
     D:4: 519 daAuts
     D:5: 329 daAuts
 Ossuary: 217 daAuts
  Temple: 198 daAuts
